 Dungeon Crawl Stone Soup version 0.29.1-12-g30fa7ad0bf (webtiles) character file.

Game seed: 12586628672216943352

255 Peloso the Slasher (level 5, 0/47 HPs)
             Began as a Minotaur Fighter on Dec 28, 2022.
             Slain by an iguana (3 damage)
             ... on level 4 of the Dungeon.
             The game lasted 00:03:18 (1154 turns).

Peloso the Slasher (Minotaur Fighter)               Turns: 1154, Time: 00:03:19

Health: 0/47       AC: 11    Str: 21    XL:     5   Next: 91%
Magic:  4/4        EV: 10    Int:  5    God:
Gold:   131        SH:  9    Dex: 11    Spells: 4/4 levels left

rFire   . . .      SeeInvis .   a - +0 long sword
rCold   . . .      Faith    .   c - +0 buckler
rNeg    . . .      Spirit   .   b - +0 scale mail
rPois   .          Reflect  +   (helmet restricted)
rElec   +          Harm     .   (no cloak)
rCorr   .          Rampage  .   (no gloves)
Will    .....                   (no boots)
Stlth   ..........              k - amulet of reflection
HPRegen 0.15/turn               e - +4 ring of protection
MPRegen 0.09/turn               (no ring)

@: no status effects
A: horns 2, retaliatory headbutt, sense surroundings 1, electricity resistance,
evolution 1, inability to read after injury 1
a: no special abilities


You were on level 4 of the Dungeon.
You visited 1 branch of the dungeon, and saw 4 of its levels.

You collected 131 gold pieces.

Inventory:

Hand Weapons
 a - a +0 long sword (weapon)
Armour
 b - a +0 scale mail (worn)
 c - a +0 buckler (worn)
Jewellery
 e - a +4 ring of protection (left hand)
 k - an amulet of reflection (around neck)
Scrolls
 f - 2 scrolls of noise {unknown}
 h - a scroll of fear {unknown}
 i - 3 scrolls of teleportation {unknown}
Potions
 d - a potion of might


   Skills:
 + Level 4.6 Fighting
 + Level 5.2 Long Blades
 + Level 4.6 Armour
 + Level 2.0 Dodging
 + Level 0.2 Stealth
 + Level 4.2 Shields


You had 4 spell levels left.
You didn't know any spells.
Your spell library contained the following spells:

 Spells                   Type           Power      Damage    Failure   Level
 Magic Dart               Conj           0%         1d3       88%         1
 Call Imp                 Summ           0%         N/A       95%         2
 Mephitic Cloud           Conj/Pois/Air  0%         N/A       99%         3


Dungeon Overview and Level Annotations

Branches:
Dungeon (4/15)
 Temple: D:4-7

Altars:


Innate Abilities, Weirdness & Mutations

You have a pair of horns on your head.
You reflexively headbutt those who attack you in melee.
You passively map a small area around you.
You are resistant to electric shocks. (rElec)
You have hidden genetic potential.
You occasionally lose the ability to read scrolls when taking damage.


Message History

Found a stone staircase leading down.
Found 12 gold pieces.
An iguana comes into view.
The iguana hisses angrily.
You see here a viscous ruby potion.
The iguana misses you.
The iguana bites you but does no damage.
You block the iguana's attack.
The iguana bites you but does no damage.
You block the iguana's attack.
Unknown command.
The iguana bites you.
Unknown command.
You block the iguana's attack.
Unknown command.
The iguana bites you.
* * * LOW HITPOINT WARNING * * *
The iguana bites you.
* * * LOW HITPOINT WARNING * * *
Unknown command.
The iguana bites you but does no damage.
Unknown command.
The iguana bites you.
* * * LOW HITPOINT WARNING * * *
Unknown command.
The iguana bites you.
* * * LOW HITPOINT WARNING * * *
Unknown command.
The iguana bites you but does no damage.
Unknown command.
The iguana barely misses you.
Unknown command.
You block the iguana's attack.
Unknown command.
You block the iguana's attack.
Unknown command.
You block the iguana's attack.
Unknown command.
The iguana bites you.
You die...

.#.....#.#..<.....#
*
.........#.#.####.#
#......#...#...# ,
*#.....#.#...#.#
#.....#...#.#.#*,,,
* #...#.###.#,#*
#..!.....# ,
##...####......# ,,
* #.#@l.# ......# ,
, ...#............
, *
########...>..... ,
, .......$# ** * *
* * #......# , ,
,,, .....#. , * *
,, *## , , * * * *


You could see an iguana.

Vanquished Creatures
  Sigmund (D:2)
  3 adders
  A dart slug (D:2)
  5 orcs (D:3)
  9 bats
  2 endoplasms (D:1)
  A giant cockroach (D:2)
  5 goblins (D:1)
  4 hobgoblins (D:1)
  3 jackals (D:1)
  3 quokkas
  2 ball pythons
  6 frilled lizards
  5 kobolds
  A rat (D:1)
51 creatures vanquished.

Notes
Turn   | Place    | Note
-------+----------+-------------------------------------------
     0 | D:1      | Peloso the Minotaur Fighter began the quest for the Orb.
     0 | D:1      | Reached XP level 1. HP: 19/19 MP: 0/0
    82 | D:1      | Reached XP level 2. HP: 17/27 MP: 1/1
   194 | D:1      | You fall into a shaft and drop 1 floor!
   198 | D:2      | Noticed Sigmund
   774 | D:1      | Reached skill level 3 in Long Blades
   774 | D:1      | Reached XP level 3. HP: 33/33 MP: 2/2
  1032 | D:2      | Gained mutation: You are resistant to electric shocks.
                  | (rElec) [potion of mutation]
  1032 | D:2      | Gained mutation: You occasionally lose the ability to read
                  | scrolls when taking damage. [potion of mutation]
  1032 | D:2      | Gained mutation: You have hidden genetic potential. [potion
                  | of mutation]
  1060 | D:2      | Killed Sigmund
  1061 | D:2      | Reached skill level 5 in Long Blades
  1061 | D:2      | Reached skill level 1 in Dodging
  1061 | D:2      | Reached XP level 4. HP: 41/41 MP: 3/3
  1061 | D:2      | Reached XP level 5. HP: 47/47 MP: 4/4
  1084 | D:3      | Gained mutation: You passively map a small area around you.
                  | [hidden potential]
  1148 | D:4      | HP: 2/47 [iguana (2)]
  1154 | D:4      | Slain by an iguana

Illustrated notes

Levels and vault maps discovered:
D:1:      denvon_arrival_planthouse, layout_rooms, fountainhead,
          solitary_fountain
D:2:      layout_basic, hellmonk_ecumenical_altar_inner_sanctum, uniq_sigmund,
          uniq_natasha, uniq_crazy_yiuf_cottage
D:3:      layout_rooms, minmay_hedge_maze
D:4:      layout_basic, minmay_temple_entry_hall

Skill      XL: |  1  2  3  4  5 |
---------------+----------------+-----
Fighting       | 4 |  4.6
Armour         | 4 |  4.6
Long Blades    | 3 5 |  5.2
Dodging        | 1 2 |  2.0
Shields        | 4 |  4.2
Stealth        | |  0.2

Action                   |  1- 3 |  4- 6 || total
-------------------------+-------+-------++-------
Melee: Long sword        |    99 |     7 ||   106
       Headbutt          |     8 |     2 ||    10
  Use: Potion            |     2 |       ||     2
Armor: Scale mail        |    66 |    38 ||   104
       Skin              |     6 |       ||     6
Dodge: Dodged            |    80 |    35 ||   115
Block: Buckler           |    40 |    38 ||    78
